Map: Automaton LE

Players

Drake

  • Race: Zerg Zerg
  • League: Diamond
  • Spawn Location: 9:00

DOB - Winner!

  • Race: Terran Terran
  • League: Diamond
  • Spawn Location: 3:00

VOD

Have the link to the VOD?

Description

Time

  • Played on: April 4, 2019, 5:02 p.m.
  • Length: 23:56
Show
View Real Time Build Order
Export as new Build Order

Drake Zerg 

Build Orders: Hatch First 

Get SALT Encoding   

  12  0:03  Drone  
  13  0:14  Overlord  
  13  0:18  Drone  
  14  0:32  Drone x2  
  16  1:01  Drone x3  
  19  1:06  Hatchery  
  18  1:16  Extractor  
  18  1:18  Spawning Pool  
  16  1:21  Drone  
  17  1:29  Drone  
  18  1:34  Drone  
  19  1:46  Overlord  
  19  2:09  Zergling x4  
  21  2:16  Queen  
  21  2:18  Queen  
  21  2:20  Drone x2  
  27  2:30  Metabolic Boost  
  27  2:32  Drone x2  
  29  2:45  Hatchery  
  29  2:46  Drone x2  
  29  2:49  Drone  
  31  2:53  Drone  
  32  3:00  Drone  
  32  3:02  Drone  
  35  3:12  Drone  
  35  3:14  Drone  
  36  3:29  Overlord  
  36  3:30  Overlord  
  36  3:33  Spore Crawler  
  35  3:36  Drone  
  36  3:44  Lair  
  36  3:47  Queen  
  39  3:48  Drone  
  39  3:49  Spore Crawler, Drone  
  39  3:51  Drone x4  
  39  3:55  Extractor  
  42  3:58  Extractor  
  41  4:05  Evolution Chamber, Drone  
  41  4:06  Drone x2  
  41  4:07  Evolution Chamber  
  41  4:09  Roach Warren  
  41  4:11  Drone  
  41  4:12  Drone  
  43  4:18  Queen  
  43  4:20  Drone  
  44  4:46  Drone  
  44  4:49  Zerg Missile Weapons Level 1, Zerg Ground Armor Level 1  
  44  4:52  Drone  
  46  4:53  Drone x8  
  46  4:54  Drone  
  55  5:06  Overlord  
  55  5:10  Drone  
  55  5:11  Drone x2  
  58  5:15  Overlord  
  58  5:16  Overlord  
  58  5:17  Extractor  
  58  5:18  Drone  
  58  5:23  Glial Reconstitution  
  58  5:25  Roach x3  
  64  5:29  Extractor  
  64  5:32  Extractor  
  64  5:35  Drone x3  
  65  5:36  Drone  
  65  5:40  Drone x3  
  69  5:43  Drone x4  
  69  5:44  Drone  
  69  5:47  Roach  
  78  5:50  Roach x2  
  78  5:55  Drone x2  
  82  5:59  Overlord x2  
  82  6:00  Overlord  
  82  6:24  Drone  
  82  6:25  Drone x3  
  86  6:26  Roach  
  86  6:27  Roach x6  
  86  6:29  Ravager  
  86  6:30  Ravager x5  
  106  6:33  Overlord  
  106  6:34  Overlord  
  106  6:35  Overlord  
  106  6:43  Zerg Missile Weapons Level 2  
  106  7:00  Roach  
  106  7:01  Roach x8  
  124  7:03  Overlord  
  124  7:06  Overlord  
  124  7:07  Overlord  
  124  7:09  Ravager  
  124  7:10  Ravager x2  
  124  7:13  Roach  
  129  7:16  Overlord, Ravager  
  129  7:22  Roach  
  132  7:23  Roach x3  
  138  7:32  Zerg Ground Armor Level 2  
  137  7:42  Roach x6  
  142  7:44  Overlord x2  
  142  7:46  Drone  
  142  7:47  Drone x5  
  141  7:58  Drone x4  
  142  8:04  Roach  
  142  8:05  Roach  
  149  8:15  Drone x4  
  149  8:16  Drone  
  149  8:17  Roach  
  149  8:18  Roach x2  
  160  8:20  Ravager  
  160  8:21  Ravager x6  
  160  8:23  Overlord  
  160  8:24  Overlord x2  
  167  8:28  Roach x3  
  120  8:51  Roach  
  120  8:52  Roach x7  
  130  8:58  Hydralisk Den, Drone  
  123  9:05  Drone x2  
  123  9:06  Drone  
  123  9:07  Roach  
  123  9:08  Roach x3  
  125  9:19  Drone x3  
  125  9:23  Drone x3  
  125  9:24  Drone x2  
  133  9:27  Drone  
  133  9:28  Drone x3  
  133  9:31  Grooved Spines  
  137  9:42  Overseer  
  137  9:46  Ravager x6  
  137  9:48  Roach x7  
  137  9:49  Roach  
  159  9:55  Drone x4  
  163  10:02  Extractor  
  163  10:03  Hatchery, Extractor  
  94  10:24  Roach x4  
  94  10:25  Roach x9  
  118  10:29  Zerg Melee Weapons Level 1  
  118  10:34  Ravager  
  118  10:35  Ravager  
  112  11:01  Roach x3  
  112  11:02  Roach x12  
  132  11:29  Ravager  
  133  11:34  Drone x3  
  133  11:35  Drone x5  
  133  11:36  Drone x3  
  133  11:37  Drone  
  133  11:38  Drone  
  146  11:40  Drone  
  146  11:42  Muscular Augments  
  143  11:57  Ravager  
  143  11:59  Ravager  
  143  12:00  Ravager  
  146  12:07  Infestation Pit  
  145  12:14  Drone  
  146  12:16  Drone  
  146  12:17  Overlord, Drone x2  
  146  12:18  Overlord  
  146  12:19  Overlord  
  146  12:21  Roach x3  
  146  12:22  Hydralisk x4, Roach x3  
  158  12:30  Ravager  
  158  12:31  Ravager  
  158  12:33  Ravager x5  
  158  12:34  Overlord  
  165  12:37  Overlord  
  165  12:41  Pneumatized Carapace  
  165  12:45  Queen x2  
  169  12:53  Hive  
  169  12:55  Drone  
  169  12:56  Spire  
  163  13:11  Hatchery, Extractor x2  
  160  13:23  Queen  
  162  13:29  Ravager x4  
  162  13:30  Ravager x2  
  162  13:32  Hydralisk x6  
  182  13:34  Roach  
  182  13:35  Roach x9  
  182  13:37  Overseer  
  182  13:39  Overlord x2  
  119  14:53  Hydralisk x6  
  119  14:54  Hydralisk x12  
  119  14:55  Roach  
  119  14:56  Roach x7  
  159  15:09  Zerg Missile Weapons Level 3, Zerg Ground Armor Level 3, Viper  
  159  15:10  Viper x3  
  159  15:13  Roach x7  
  177  15:30  Drone x3  
  177  15:31  Drone x3  
  183  15:42  Greater Spire  
  183  15:49  Drone x2  
  185  16:05  Drone x2  
  185  16:06  Evolution Chamber  
  185  16:07  Roach  
  185  16:08  Roach x6, Evolution Chamber  
  131  16:57  Roach x13  
  131  16:58  Roach x7  
  165  17:17  Roach  
  165  17:18  Hatchery, Roach x5  
  165  17:21  Extractor x2  
  174  17:23  Zerg Flyer Armor Level 1, Corruptor x5  
  184  17:34  Corruptor x4  
  160  18:07  Brood Lord x5  
  160  18:09  Burrow  
  170  18:16  Zerg Melee Weapons Level 2  
  170  18:26  Viper x3  
  170  18:27  Viper x3  
  173  18:30  Roach x6  
  200  18:45  Overlord x2  
  198  19:12  Queen  
  198  19:13  Queen  
  198  19:16  Queen x2  
  190  20:00  Drone x9  
  190  20:01  Drone x8  
  190  20:02  Drone  
  190  20:03  Drone x19  
  190  20:28  Hatchery  
  189  20:30  Evolution Chamber  
  189  20:31  Evolution Chamber  
  189  20:32  Evolution Chamber x2  
  189  20:33  Roach  
  189  20:34  Roach x6  
  199  20:39  Zerg Melee Weapons Level 3  
  199  20:43  Zerg Flyer Armor Level 2  
  199  20:49  Drone  
  173  21:08  Roach  
  173  21:09  Roach x17  
  173  21:10  Roach x7  
  163  21:26  Brood Lord x3  
  165  21:37  Adrenal Glands  
  165  21:45  Corruptor x2  
  169  21:47  Viper x4  
  169  21:48  Viper  
  165  22:19  Corruptor x4  
  167  22:27  Queen  
  167  22:38  Brood Lord  
  167  22:39  Brood Lord, Corruptor  
  167  22:42  Drone x3  
  167  22:43  Drone x2  
  167  22:44  Drone  
  179  22:57  Zergling x22  
  179  22:58  Zergling x12  
  196  22:59  Overlord x2  
  196  23:09  Overlord x3  
  169  23:28  Hatchery  
Show
View Real Time Build Order
Export as new Build Order

DOB Terran - Winner!

Build Orders: Command Center First (CC), Mech 

Get SALT Encoding   

  12  0:03  SCV  
  13  0:15  SCV  
  13  0:19  Supply Depot  
  14  0:27  SCV  
  15  0:41  SCV  
  16  0:51  Engineering Bay  
  16  0:53  SCV  
  17  1:22  Refinery  
  17  1:23  Command Center  
  17  1:32  Barracks  
  17  1:36  SCV  
  18  1:44  Refinery  
  18  1:48  SCV  
  19  2:00  SCV  
  20  2:13  SCV  
  21  2:19  Factory  
  21  2:23  Barracks Tech Lab  
  21  2:33  Orbital Command  
  21  2:39  Orbital Command  
  21  2:40  Supply Depot  
  21  2:43  Marine  
  22  3:09  Siege Tank  
  22  3:10  Orbital Command  
  25  3:13  SCV  
  25  3:19  Barracks Reactor  
  26  3:28  Infernal Pre-Igniter  
  26  3:38  SCV x2  
  28  3:50  SCV x2  
  30  3:59  Bunker  
  30  4:02  SCV x2  
  32  4:06  Supply Depot  
  32  4:10  Supply Depot  
  32  4:11  Siege Tank  
  32  4:14  SCV x2  
  37  4:17  Marine x2  
  39  4:26  SCV x2, Refinery  
  39  4:28  Refinery  
  41  4:35  Factory, Marine  
  41  4:36  Factory  
  42  4:38  SCV  
  42  4:39  SCV  
  44  4:47  Supply Depot  
  44  4:49  Supply Depot  
  44  4:50  SCV  
  44  4:51  SCV  
  49  4:56  Cyclone  
  49  5:03  SCV x2  
  51  5:09  Barracks Tech Lab  
  51  5:15  SCV x2  
  53  5:25  Hellion x2  
  57  5:35  Engineering Bay  
  57  5:38  Armory  
  57  5:39  Siege Tank  
  57  5:41  Siege Tank  
  63  5:49  SCV x2  
  65  5:53  Hellion, Supply Depot x2  
  65  5:54  Hellion  
  69  6:01  SCV x2  
  71  6:06  Terran Infantry Weapons Level 1  
  71  6:08  Missile Turret  
  71  6:10  Missile Turret  
  71  6:11  Siege Tank  
  71  6:13  Hellion  
  71  6:14  Missile Turret  
  71  6:15  Hellion  
  71  6:16  Missile Turret  
  78  6:22  Hellion  
  80  6:32  Terran Vehicle Weapons Level 1  
  80  6:34  Hellion  
  80  6:35  Smart Servos  
  80  6:36  Hellion  
  84  6:41  Barracks Reactor  
  84  6:43  Hellion  
  86  6:51  Missile Turret  
  86  7:03  SCV  
  86  7:04  SCV  
  86  7:08  Thor  
  94  7:16  Supply Depot  
  94  7:35  SCV  
  93  7:38  Thor  
  93  7:55  SCV x2  
  93  7:56  Hellion x3  
  95  8:06  Command Center  
  95  8:07  SCV x2  
  95  8:11  Command Center  
  97  8:13  Supply Depot  
  97  8:17  Hellion, Supply Depot  
  97  8:18  Hellion  
  101  8:34  Supply Depot, Siege Tank  
  101  8:35  Hellion, Supply Depot  
  101  8:39  Hellion x2  
  92  9:26  Factory  
  92  9:27  Factory x3, Terran Vehicle Weapons Level 2  
  92  9:28  Factory  
  92  9:29  Armory  
  58  10:22  Hellion x3, Siege Tank  
  58  10:27  Supply Depot  
  66  10:28  Supply Depot  
  66  10:34  Factory Tech Lab x5  
  65  10:36  Terran Vehicle And Ship Armor Level 1  
  64  10:43  Hellion, Siege Tank  
  64  10:44  Hellion  
  64  10:45  Supply Depot x2  
  71  10:55  Hellion  
  68  10:58  Siege Tank x2  
  73  11:05  Hellion x2, Siege Tank x2  
  78  11:16  Hellion x2  
  79  11:18  Siege Tank  
  82  11:30  Supply Depot  
  82  11:35  Orbital Command  
  82  11:54  Siege Tank  
  82  11:55  Hellion  
  87  12:12  Hellion  
  87  12:13  Hellion  
  91  12:39  SCV x4  
  95  12:51  SCV x4  
  99  12:59  Thor x2  
  111  13:07  Planetary Fortress  
  111  13:11  SCV x2, Refinery  
  111  13:12  SCV  
  114  13:13  Refinery  
  114  13:22  Supply Depot  
  114  13:23  Supply Depot  
  114  13:27  Hellion  
  114  13:37  Refinery  
  114  13:38  Refinery  
  114  13:39  Planetary Fortress  
  114  13:41  Sensor Tower  
  114  13:56  Sensor Tower  
  114  13:58  Cyclone  
  114  13:59  Cyclone  
  114  14:02  Missile Turret  
  120  14:14  SCV x3  
  123  14:26  SCV x3  
  124  14:38  SCV x2  
  93  14:53  Hellion x4  
  93  14:54  Hellion  
  93  14:57  Cyclone x3  
  109  15:01  Hellion  
  109  15:14  Hellion  
  111  15:22  Thor  
  111  15:23  Thor  
  111  15:25  SCV  
  111  15:27  SCV x3  
  127  15:30  Refinery  
  127  15:35  Terran Vehicle Weapons Level 3  
  127  16:01  Sensor Tower  
  127  16:04  SCV x2  
  127  16:05  SCV x2  
  131  16:12  Hellion, Sensor Tower  
  131  16:13  Hellion x2  
  131  16:16  SCV  
  131  16:17  SCV  
  131  16:18  Terran Vehicle And Ship Armor Level 2  
  139  16:23  Sensor Tower x2  
  139  16:28  SCV  
  139  16:29  SCV x3  
  119  17:00  Cyclone x6  
  119  17:01  Cyclone  
  140  17:04  SCV x3  
  140  17:05  SCV  
  144  17:11  Hellion x2  
  148  17:16  SCV  
  149  17:32  Cyclone  
  152  17:41  Sensor Tower  
  122  17:53  Siege Tank x3  
  122  17:54  Siege Tank x3  
  123  18:04  Siege Tank  
  117  18:09  Hellion  
  119  18:24  Sensor Tower  
  119  18:25  Siege Tank x2  
  119  18:26  Siege Tank x4  
  137  18:31  Mag-Field Accelerator  
  137  18:36  Hellion x2, Siege Tank  
  137  18:40  Terran Vehicle And Ship Armor Level 3  
  156  19:12  Thor x2  
  156  19:13  Thor x4  
  170  20:03  Thor x2, Hellbat  
  170  20:05  Hellion x2  
  179  20:24  Sensor Tower  
  179  20:32  Sensor Tower  
  179  20:36  Supply Depot  
  179  20:38  Supply Depot x2  
  179  20:58  Hellion x4  
  179  20:59  Thor  
  179  21:00  Hellion x3  
  179  21:03  Thor  
  150  21:19  Hellion x2  
  150  21:20  Hellion x2  
  150  21:21  Hellion x3  
  164  21:40  Thor x2  
  164  21:41  Hellion x2  
  164  21:42  Hellion x2, Thor  
  164  21:43  Hellion  
  164  21:46  Hellion  
  192  22:02  Thor  
  192  22:04  Hellion  
  190  22:23  Hellion x4  
  190  22:24  Hellion x2  
  190  22:25  Hellion  
  190  22:26  Hellion  
  184  22:43  Command Center  
  186  22:44  Hellion, Thor x2  
  186  22:45  Hellion  
  186  22:46  Refinery  
  200  23:08  Sensor Tower  
Tags
 
Add a new tag
Caveats
  • Supply blocks, unpowered buildings, or Contaminate may cause inaccurate times.
  • Supply counts are checked every 10 seconds.